Map: Overgrown Facility

Players

OpuS

  • Race: Protoss Protoss
  • League: Platinum
  • Spawn Location: 7:00

Sketchaphone

  • Race: Zerg Zerg
  • League: Platinum
  • Spawn Location: 9:00

Flyinghobo

  • Race: Zerg Zerg
  • League: Platinum
  • Spawn Location: 3:00

Starmie

  • Race: Protoss Protoss
  • League: Platinum
  • Spawn Location: 1:00

VOD

Have the link to the VOD?

Description

Time

  • Played on: Feb. 18, 2019, 11:56 a.m.
  • Length: 10:41
Show
View Real Time Build Order
Export as new Build Order

OpuS Protoss 

Build Orders: Oracle Opening 

Get SALT Encoding   

  12  0:01  Probe  
  13  0:13  Probe  
  14  0:26  Pylon, Probe  
  15  0:42  Probe  
  15  0:46  Gateway  
  16  0:50  Probe  
  16  0:56  Assimilator  
  17  0:58  Probe  
  17  0:59  Assimilator  
  18  1:10  Probe  
  19  1:18  Probe  
  19  1:19  Gateway  
  20  1:27  Probe  
  21  1:37  Probe  
  22  1:49  Probe, Cybernetics Core  
  22  1:52  Pylon  
  23  2:06  Pylon  
  23  2:10  Probe  
  24  2:22  Probe  
  25  2:25  Stalker  
  25  2:26  Stalker  
  25  2:27  Warp Gate  
  29  2:34  Probe  
  30  2:51  Nexus  
  30  2:55  Pylon  
  30  2:56  Probe  
  31  3:05  Stargate  
  31  3:14  Stalker  
  33  3:20  Stalker  
  33  3:26  Probe  
  35  3:40  Twilight Council  
  35  3:42  Pylon  
  35  3:49  Oracle  
  38  3:57  Probe  
  39  4:04  Probe  
  39  4:06  Pylon  
  40  4:15  Zealot x2  
  44  4:17  Blink  
  44  4:23  Gateway  
  44  4:25  Probe  
  44  4:27  Probe  
  46  4:42  Probe  
  46  4:43  Probe  
  48  4:50  Void Ray  
  48  4:51  Stalker  
  54  4:59  Probe x2  
  56  5:11  Probe  
  56  5:12  Probe  
  56  5:23  Probe  
  56  5:24  Probe  
  52  5:29  Stalker  
  52  5:31  Stalker  
  52  5:33  Void Ray  
  60  5:53  Zealot x2  
  64  5:58  Gateway  
  64  6:00  Probe x2  
  64  6:02  Charge  
  66  6:05  Stalker, Gateway  
  68  6:15  Zealot x2  
  72  6:22  Probe x2  
  74  6:25  Pylon  
  74  6:28  Pylon  
  74  6:30  Pylon, Assimilator  
  74  6:36  Zealot, Assimilator  
  74  6:37  Zealot  
  78  6:43  Void Ray  
  82  6:52  Zealot  
  82  7:01  Zealot x3  
  84  7:02  Zealot  
  84  7:06  Probe  
  84  7:07  Probe  
  89  7:16  Gateway  
  89  7:17  Gateway  
  89  7:28  Void Ray  
  92  7:40  Probe x2  
  94  7:54  Probe x2  
  96  8:02  Zealot  
  96  8:03  Zealot x2  
  102  8:10  Zealot  
  102  8:12  Pylon  
  98  8:14  Pylon  
  98  8:16  Pylon  
  95  8:23  Zealot  
  95  8:24  Zealot  
  75  8:31  Zealot  
  38  8:57  Zealot  
  10  9:58  Probe x2  
  12  10:10  Probe  
Show
View Real Time Build Order
Export as new Build Order

Sketchaphone Zerg 

Build Orders: Hatch First 

Get SALT Encoding   

  12  0:01  Drone  
  13  0:15  Overlord  
  13  0:19  Drone  
  14  0:22  Extractor  
  14  0:23  Drone  
  15  0:33  Drone  
  16  0:38  Drone  
  17  0:58  Hatchery  
  16  1:10  Drone  
  17  1:11  Drone  
  17  1:12  Extractor  
  17  1:28  Spawning Pool  
  17  1:29  Drone  
  17  1:36  Drone  
  17  1:37  Drone  
  19  1:44  Drone  
  20  1:52  Overlord  
  20  2:15  Metabolic Boost  
  20  2:16  Queen  
  20  2:17  Queen  
  20  2:19  Zergling x2  
  20  2:20  Drone  
  20  2:21  Drone  
  27  2:46  Drone x2  
  27  2:47  Roach Warren  
  27  2:48  Drone x3  
  31  2:53  Overlord  
  31  3:00  Drone  
  31  3:02  Overlord  
  32  3:09  Zergling x2  
  35  3:27  Roach x5  
  35  3:28  Roach  
  35  3:31  Drone  
  35  3:33  Drone  
  47  3:51  Roach, Drone  
  47  3:52  Roach  
  52  3:58  Overlord  
  51  4:16  Zergling x2  
  52  4:17  Overlord  
  52  4:20  Hatchery  
  51  4:27  Zergling x12  
  32  4:44  Zergling x6  
  8  5:25  Drone x4  
  8  5:50  Drone  
  9  6:01  Drone  
  7  6:20  Drone  
  3  6:36  Drone  
  4  6:53  Drone  
  5  7:09  Drone  
  6  7:24  Drone  
  7  7:34  Drone  
  8  7:44  Drone  
  9  7:53  Drone  
  10  8:01  Drone  
  11  8:22  Drone x3  
  14  8:38  Zergling x2  
  14  8:39  Baneling Nest  
  14  8:41  Drone  
  15  8:46  Drone  
  16  8:50  Drone  
  17  9:11  Zergling x10  
  22  9:20  Drone x3  
  22  9:22  Baneling  
  25  9:25  Baneling  
  25  9:32  Baneling x3  
  17  9:55  Drone x2  
  8  10:16  Drone  
  8  10:17  Spine Crawler  
  7  10:25  Drone  
Show
View Real Time Build Order
Export as new Build Order

Flyinghobo Zerg 

Build Orders: Pool First 

Get SALT Encoding   

  12  0:01  Drone  
  13  0:08  Drone  
  14  0:17  Overlord  
  14  0:34  Overlord  
  14  0:41  Extractor  
  14  0:42  Drone x2  
  15  0:56  Drone x2  
  17  1:02  Spawning Pool  
  16  1:08  Drone  
  17  1:17  Drone  
  18  1:37  Hatchery  
  17  1:46  Drone x2  
  19  1:51  Metabolic Boost  
  19  1:58  Overlord  
  19  2:11  Drone x2  
  21  2:20  Queen  
  23  2:30  Extractor  
  23  2:33  Zergling x4  
  24  2:49  Queen  
  24  2:51  Zergling x4  
  28  3:05  Zergling x6  
  31  3:08  Lair  
  31  3:27  Zergling x2  
  31  3:28  Zergling x6  
  35  3:40  Zergling x2  
  35  3:41  Zergling x6  
  39  3:50  Queen  
  39  3:52  Overlord  
  40  4:16  Zergling x4  
  43  4:17  Zergling x10  
  47  4:31  Overlord x2  
  34  5:17  Zergling x20  
  34  5:18  Zergling x4  
  42  5:37  Zergling x4  
  44  5:54  Hydralisk Den  
  43  6:10  Drone x6  
  43  6:11  Drone  
  50  6:34  Spore Crawler  
  50  6:35  Grooved Spines  
  46  6:41  Zergling x2  
  46  6:42  Zergling x14  
  46  6:43  Zergling x4  
  48  7:16  Zergling x4  
  48  7:17  Zergling x14  
  52  7:33  Spore Crawler, Hydralisk x2  
  55  7:48  Drone x2  
  55  7:49  Overlord  
  57  7:52  Muscular Augments  
  57  8:10  Hydralisk x6  
  67  8:18  Hatchery  
  65  8:21  Hydralisk x2  
  42  8:51  Hydralisk x4  
  42  8:55  Hydralisk  
  41  9:04  Hydralisk  
  41  9:06  Zergling x2  
  41  9:07  Zergling x2  
  33  10:05  Zergling x6  
  36  10:08  Drone  
  36  10:28  Hatchery  
  37  10:31  Hatchery  
  38  10:37  Extractor  
  38  10:39  Extractor  
Show
View Real Time Build Order
Export as new Build Order

Starmie Protoss 

Build Orders: 1 Gate Expand 

Get SALT Encoding   

  12  0:00  Probe  
  13  0:13  Probe  
  14  0:21  Pylon  
  14  0:25  Probe  
  15  0:39  Probe  
  16  0:45  Gateway  
  16  0:51  Probe  
  16  0:54  Assimilator  
  17  1:03  Probe  
  18  1:15  Probe  
  19  1:28  Probe  
  20  1:40  Nexus, Probe  
  21  1:49  Cybernetics Core  
  21  1:52  Probe  
  22  1:59  Assimilator  
  22  2:14  Pylon  
  22  2:15  Probe  
  23  2:32  Stalker, Probe  
  23  2:35  Warp Gate  
  26  2:44  Probe  
  26  2:49  Gateway  
  27  2:57  Probe  
  27  3:21  Probe  
  27  3:23  Probe  
  29  3:29  Probe  
  29  3:30  Pylon  
  29  3:31  Probe  
  30  3:39  Probe  
  30  3:40  Probe  
  31  3:47  Pylon, Gateway  
  33  3:51  Twilight Council  
  33  3:53  Probe x2  
  35  3:56  Assimilator  
  35  4:05  Probe  
  36  4:16  Probe  
  37  4:17  Probe  
  37  4:23  Pylon  
  38  4:28  Stalker, Zealot  
  40  4:49  Stalker  
  40  4:52  Zealot  
  44  5:05  Pylon x2  
  42  5:17  Probe  
  41  5:21  Pylon  
  39  5:31  Blink  
  39  5:38  Pylon  
  27  6:01  Pylon  
  27  6:08  Cybernetics Core  
  27  6:11  Probe  
  27  6:12  Probe  
  27  6:14  Zealot x2  
  33  6:20  Pylon  
  33  6:23  Probe  
  33  6:24  Forge  
  34  6:26  Pylon  
  34  6:27  Gateway  
  34  6:28  Probe  
  34  6:31  Probe  
  35  6:35  Assimilator  
  35  6:36  Probe  
  35  6:39  Probe  
  36  6:44  Probe  
  36  6:45  Protoss Air Weapons Level 1  
  38  6:48  Shield Battery, Probe, Protoss Shields Level 1  
  38  6:51  Shield Battery  
  38  6:52  Probe  
  40  6:56  Probe  
  40  7:00  Probe  
  42  7:02  Stargate  
  42  7:05  Pylon, Stargate  
  43  7:18  Probe  
  43  7:19  Probe  
  43  7:20  Nexus  
  43  7:21  Pylon  
  45  7:24  Pylon  
  45  7:26  Probe  
  45  7:27  Probe  
  47  7:39  Shield Battery  
  47  7:44  Photon Cannon  
  47  7:48  Void Ray x2  
  55  7:53  Fleet Beacon  
  55  7:55  Pylon, Probe x2  
  57  8:05  Stalker, Zealot  
  59  8:07  Zealot  
  63  8:18  Stalker  
  65  8:26  Stalker  
  67  8:27  Zealot  
  67  8:33  Stalker  
  59  8:55  Stalker x3  
  49  8:56  Stalker  
  49  8:59  Void Ray x2  
  59  9:24  Stalker  
  59  9:25  Stalker x3  
  67  9:43  Probe  
  80  10:19  Stalker x2  
  83  10:29  Probe  
Tags
 
Add a new tag
Caveats
  • Supply blocks, unpowered buildings, or Contaminate may cause inaccurate times.
  • Supply counts are checked every 10 seconds.